Map: Shrines of Lizul

Players

Pirateskullz - Winner!

  • Race: Terran Terran
  • League: Gold
  • Spawn Location: 3:00

WaarBeast - Winner!

  • Race: Terran Terran
  • Spawn Location: 12:00

bashinskulls

  • Race: Protoss Protoss
  • League: Bronze
  • Spawn Location: 9:00

Veigurd

  • Race: Zerg Zerg
  • Spawn Location: 6:00

VOD

Have the link to the VOD?

Description

Time

  • Played on: April 8, 2017, 2:23 p.m.
  • Length: 7:38
Show
View Real Time Build Order
Export as new Build Order

Pirateskullz Terran - Winner!

Build Orders:  

Get SALT Encoding   

  12  0:01  SCV  
  13  0:13  SCV  
  14  0:20  Supply Depot  
  14  0:25  SCV  
  15  0:41  SCV  
  16  0:43  Barracks  
  16  0:47  Refinery  
  16  0:55  SCV  
  17  0:59  Refinery  
  17  1:10  Barracks  
  17  1:12  SCV  
  18  1:24  SCV  
  19  1:32  Reaper  
  20  1:36  Supply Depot  
  20  1:37  SCV  
  21  1:49  SCV  
  22  1:59  Barracks Reactor  
  22  2:02  Orbital Command  
  22  2:17  Barracks Tech Lab  
  22  2:39  Reaper x3  
  25  2:54  Command Center  
  25  3:03  SCV  
  26  3:07  Supply Depot  
  26  3:11  Reaper  
  27  3:15  Reaper x2, SCV  
  29  3:44  Reaper  
  29  3:47  Factory, Reaper x2  
  32  3:48  SCV  
  33  4:01  SCV  
  34  4:13  SCV  
  33  4:33  Reaper x3  
  33  4:37  Factory Tech Lab  
  36  4:39  Factory  
  36  4:41  SCV  
  36  4:44  Orbital Command  
  37  4:50  Factory  
  37  4:53  SCV  
  37  5:05  Reaper  
  38  5:22  Reaper  
  38  5:23  Reaper  
  38  5:37  Reaper  
  38  5:42  Factory Tech Lab x2  
  38  5:44  SCV x2  
  40  5:54  Reaper  
  40  5:55  Reaper  
  40  5:56  SCV x2  
  42  6:07  Hellion x3  
  42  6:08  SCV x2  
  42  6:11  Refinery  
  50  6:13  Refinery  
  50  6:27  Marauder  
  50  6:28  Hellion  
  50  6:29  Hellion  
  54  6:45  Hellion  
  54  7:16  Marine x2  
  54  7:17  Marauder, Hellion  
  54  7:20  Supply Depot x2  
  54  7:21  Supply Depot  
Show
View Real Time Build Order
Export as new Build Order

WaarBeast Terran - Winner!

Build Orders:  

Get SALT Encoding   

  12  0:35  Engineering Bay  
  12  0:45  Supply Depot  
  12  2:17  Missile Turret  
  12  2:46  Barracks  
  12  2:47  Refinery  
  12  2:51  Refinery  
  12  3:04  SCV  
  13  3:16  Missile Turret, SCV  
  14  3:27  Missile Turret  
  14  3:28  SCV  
  15  3:34  Marine  
  15  3:40  SCV  
  17  3:49  Bunker  
  17  3:51  Missile Turret  
  17  3:52  Marine, SCV  
  19  4:10  Marine  
  19  4:28  Bunker  
  20  4:34  Bunker  
  19  4:49  Barracks Tech Lab  
  19  5:08  Neosteel Frame  
  19  5:27  Marine  
  20  5:44  Marine  
  21  6:03  Marauder  
  23  6:06  Missile Turret  
  23  6:27  Hi-Sec Auto Tracking  
  23  6:36  Missile Turret  
  23  6:44  Missile Turret  
  23  7:04  Supply Depot, Missile Turret  
  25  7:30  Missile Turret  
Show
View Real Time Build Order
Export as new Build Order

bashinskulls Protoss 

Build Orders: 1 Gate Expand 

Get SALT Encoding   

  12  0:06  Probe (Chrono Boost)  
  13  0:19  Probe (Chrono Boost)  
  13  0:20  Pylon  
  14  0:52  Gateway  
  14  1:03  Assimilator  
  14  1:25  Nexus  
  14  1:39  Zealot  
  16  1:44  Pylon  
  16  1:50  Pylon  
  16  2:22  Cybernetics Core  
  16  2:29  Probe (Chrono Boost)  
  17  2:39  Zealot, Gateway  
  19  2:51  Forge  
  20  2:58  Probe (Chrono Boost)  
  20  3:06  Zealot  
  22  3:23  Assimilator  
  22  3:25  Probe (Chrono Boost)  
  23  3:28  Warp Gate  
  23  3:33  Photon Cannon, Zealot  
  25  3:36  Probe (Chrono Boost)  
  25  3:37  Photon Cannon  
  26  3:48  Probe (Chrono Boost)  
  27  3:49  Probe (Chrono Boost)  
  28  4:00  Probe (Chrono Boost)  
  29  4:12  Gateway  
  29  4:22  Pylon  
  29  4:24  Probe (Chrono Boost)  
  30  4:31  Stalker  
  30  4:32  Stalker  
  34  4:43  Probe (Chrono Boost)  
  27  5:28  Protoss Ground Weapons Level 1  
  23  5:31  Stalker  
  23  5:33  Stalker x2  
  30  5:50  Probe (Chrono Boost)  
  30  5:56  Pylon  
  30  6:01  Zealot  
  30  6:03  Zealot x2  
  30  6:04  Probe (Chrono Boost)  
  37  6:16  Probe (Chrono Boost)  
  38  6:19  Gateway  
  38  6:38  Probe (Chrono Boost)  
  39  6:40  Stalker  
  39  6:42  Stalker x2  
  45  6:52  Photon Cannon  
  45  6:59  Mothership Core (Chrono Boost)  
  47  7:11  Pylon  
  47  7:16  Photon Cannon  
Show
View Real Time Build Order
Export as new Build Order

Veigurd Zerg 

Build Orders: Pool First 

Get SALT Encoding   

  12  0:06  Drone  
  13  0:13  Drone  
  14  0:19  Extractor  
  14  0:20  Extractor  
  12  0:22  Drone  
  12  0:25  Drone  
  16  0:38  Overlord  
  16  0:48  Spawning Pool  
  15  0:57  Overlord  
  15  0:58  Drone  
  16  1:08  Drone  
  17  1:23  Drone x2  
  19  1:25  Extractor  
  19  1:28  Extractor  
  17  1:41  Roach Warren  
  17  1:43  Zergling x2  
  17  1:53  Drone  
  18  1:58  Queen  
  20  2:07  Drone  
  21  2:14  Drone  
  22  2:17  Hatchery  
  22  2:19  Zergling x2  
  21  2:40  Drone x2  
  21  2:42  Lair  
  23  2:55  Drone  
  24  3:18  Roach x3  
  24  3:19  Overlord x2  
  30  3:26  Metabolic Boost  
  30  3:32  Roach  
  29  3:43  Ravager x2  
  31  3:48  Zergling x2  
  31  3:52  Baneling Nest  
  31  3:57  Infestation Pit  
  16  4:45  Drone x3  
  19  4:55  Drone x3  
  22  5:11  Glial Reconstitution  
  22  5:20  Drone x3  
  25  5:41  Drone  
  26  6:03  Zergling x2  
  26  6:04  Zergling x4  
  27  6:10  Drone  
  27  6:11  Drone x2  
  30  6:18  Zergling x2  
  31  6:25  Baneling x3  
  18  6:49  Zergling x6  
  18  6:52  Drone x3  
  15  7:03  Zergling x2  
  13  7:16  Roach  
  13  7:19  Drone x2  
Tags
 
Add a new tag
Caveats
  • Supply blocks, unpowered buildings, or Contaminate may cause inaccurate times.
  • Supply counts are checked every 10 seconds.